 Dungeon Crawl Stone Soup version 0.25-a0-547-g27a0b5d1ef (webtiles) character file.

Game seed: 9731087605504571845, levelgen mode: deterministic

10611 Lugonue the Thaumaturge (level 11, -7/44 HPs)
             Began as a Felid Venom Mage on Feb 20, 2020.
             Was an Elder of Sif Muna.
             Killed from afar by Jorgrun (51 damage)
             ... with a blast of rock fragments
             ... on level 12 of the Dungeon on Feb 21, 2020.
             The game lasted 01:21:42 (18895 turns).

Lugonue the Thaumaturge (Felid Venom Mage)         Turns: 18895, Time: 01:21:43

Health: -7/44      AC:  3    Str:  6    XL:     11   Next: 38%
Magic:  44/46      EV: 26    Int: 19    God:    Sif Muna [****..]
Gold:   780        SH:  0    Dex: 17    Spells: 1/34 levels left
                                        Lives:  0   Deaths: 3

rFire    . . .     SeeInvis +     - Unarmed
rCold    + . .     Gourm    .   (shield unavailable)
rNeg     . . .     Faith    .   (armour unavailable)
rPois    .         Spirit   .   (helmet unavailable)
rElec    .         Reflect  .   (cloak unavailable)
rCorr    .         Harm     .   (gloves unavailable)
MR       +....                  (boots unavailable)
Stlth    +++.......             (no amulet)
HPRegen  0.14/turn              d - ring of magical power
MPRegen  0.30/turn              f - ring of magical power

@: quick
A: very small, no armour, no weapons or thrown items, stealth, claws 1, fangs 3,
horns 1, see invisible, carnivore, speed 1, shaggy fur 3, slow metabolism 1,
sharp paws
a: Channel Magic, Forget Spell, Divine Exegesis, Renounce Religion


You were on level 12 of the Dungeon.
You worshipped Sif Muna.
Sif Muna was greatly pleased with you.
You were not hungry.

You visited 3 branches of the dungeon, and saw 15 of its levels.

You collected 780 gold pieces.

Inventory:

Jewellery
 d - a ring of magical power (left paw)
 f - a ring of magical power (right paw)
Wands
 j - a wand of random effects (15)
 l - a wand of enslavement (7)
 o - a wand of paralysis (18)
 p - a wand of polymorph (13)
 r - a wand of flame (15)
Scrolls
 a - a scroll of fear
 h - 7 scrolls of remove curse
 i - 2 scrolls of identify
 v - 2 scrolls of magic mapping
Potions
 c - 3 potions of curing
 g - a potion of berserk rage
 k - 3 potions of heal wounds
 m - 4 potions of might
 s - a potion of ambrosia
Miscellaneous
 e - a lamp of fire (inert)
Comestibles
 b - 24 rations


   Skills:
 * Level 2.6 Fighting
 * Level 10.8 Dodging
 + Level 5.0 Stealth
 + Level 3.4 Unarmed Combat
 * Level 12.4 Spellcasting
 + Level 1.5 Conjurations
 + Level 3.7 Hexes
 + Level 3.1 Summonings
 + Level 4.3 Transmutations
 + Level 3.3 Fire Magic
 + Level 4.9 Air Magic
 + Level 7.8 Poison Magic
 + Level 0.2 Evocations


You had one spell level left.
You knew the following spells:

 Your Spells              Type           Power        Failure   Level  Hunger
a - Ignite Poison         Fire/Tmut/Pois ####....     1%          3    None
b - Poisonous Vapours     Pois/Air       #####.       1%          2    None
c - Mephitic Cloud        Conj/Pois/Air  ####....     2%          3    None
d - Olgreb's Toxic Radia  Pois           #####...     2%          4    #......
f - Inner Flame           Hex/Fire       ####....     4%          3    None
g - Sticky Flame          Conj/Fire      ###.....     22%         4    #......
h - Summon Guardian Gole  Hex/Summ       ###.....     4%          3    None
i - Cause Fear            Hex            ####......   12%         4    #......
j - Foxfire               Conj/Fire      ###.         2%          1    None
k - Call Canine Familiar  Summ           ###.....     4%          3    None
l - Tukima's Dance        Hex            ####....     3%          3    None

Your spell library contained the following spells:

 Spells                   Type           Power        Failure   Level  Hunger
 Corona                   Hex            ####...      1%          1    None
 Sting                    Tmut/Pois      ####         1%          1    None
 Summon Small Mammal      Summ           ###.         1%          1    None
 Slow                     Hex            ####....     1%          2    None
 Call Imp                 Summ           ###.....     2%          2    None
 Confusing Touch          Hex            ####....     3%          3    None
 Ensorcelled Hibernation  Hex/Ice        ###...       4%          2    None
 Conjure Flame            Conj/Fire      ###.....     6%          3    None
 Dazzling Flash           Conj/Hex       ###...       6%          3    None
 Summon Lightning Spire   Summ/Air       ####....     11%         4    #......
 Leda's Liquefaction      Hex/Erth       ###.......   26%         4    #......
 Summon Ice Beast         Ice/Summ       ###.....     30%         4    #......
 Fireball                 Conj/Fire      ###.......   52%         5    ####...
 Portal Projectile        Hex/Tloc       Unusable     N/A         3    N/A

Dungeon Overview and Level Annotations

Branches:
Dungeon (12/15)            Temple (0/1) D:7            Lair (2/6) D:8
    Orc (1/2) D:11
  Swamp: Lair:2-4    Shoals: Lair:2-4     Snake: Lair:2-4    Spider: Lair:2-4

Altars:
Ashenzari
Fedhas
Gozag
Hepliaklqana
Kikubaaqudgha
Nemelex Xobeh
Qazlal
Sif Muna
Trog
Uskayaw
Wu Jian
Zin
The Shining One

Shops:
D:10 *

Portals:
Trove: D:10 (give 2 scrolls of acquirement)

Annotations:
D:8 1 exclusion, WLBjork's ghost, novice TrMo
D:12 Jorgrun


Innate Abilities, Weirdness & Mutations

You cannot wear armour.
You are incapable of wielding weapons or throwing items.
Your paws allow you to move quietly. (Stealth)
You have sharp claws.
You have razor-sharp teeth.
You have supernaturally acute eyesight. (SInv)
You are carnivorous and can eat meat at any time.
You cover ground quickly.
Your thick and shaggy fur keeps you warm. (AC +3, rC+)
You have a slow metabolism.
Your sharp claws are effective at attacking unaware monsters.
You have a pair of small horns on your head.


Message History

Unknown command.
Jorgrun is engulfed in blazing flames.
Casting: Foxfire (safe; 2% risk of failure)
Confirm with . or Enter, or press ? or * to list all spells.
A guardian golem appears, shielding your allies.
Jorgrun is engulfed in blazing flames.
Jorgrun points at you and mumbles some strange words.
You resist with some effort.
You swap places.
Casting: Summon Guardian Golem (safe; 4% risk of failure)
Confirm with . or Enter, or press ? or * to list all spells.
Aiming: Poisonous Vapours (safe; 1% risk of failure)
Press: ? - help, Dir - move target cursor, f/p - Jorgrun
Aim: Jorgrun, wielding a staff of earth and wearing a +1 robe of the Archmagi (flame, heavily wounded) There's already a cloud there!
Jorgrun is engulfed in blazing flames.
Jorgrun points at your guardian golem and mumbles some strange words.
The wall shatters!
The blast of rock fragments hits you!!!
Ouch! That really hurt!
You die...

#...# #g###.#
#.....# ## #.#####
.###### #8#
.#....##### #.#
.#....#..ยง####
#.#
.#....#...#..###.#
)+....+...'..'..@#
################.#
.................#
##...####.>..#...#
#...<...#.#.#...#
#.......#.#.#...#
#.#######.#.#...#
#...........#...#
#########.####.##


You could see Jorgrun and a friendly guardian golem.

Vanquished Creatures
  A centaur warrior (D:8)
  2 two-headed ogres
  Urug (D:11)
  A cyclops (D:11)
  2 manticores
  An ugly thing (D:12)
  Joseph (D:7)
  A centaur zombie (D:12)
  Psyche (D:11)
  A gargoyle (D:10)
  3 komodo dragons
  A queen bee (D:8)
  2 trolls
  A hornet (D:12)
  2 slime creatures (D:12)
  Prince Ribbit (D:8)
  5 hippogriffs
  4 yaks (D:8)
  2 wyverns
  A basilisk (D:10)
  3 hungry ghosts
  A warg (D:8)
  A porcupine (Lair:1)
  6 orc warriors
  4 ice beasts
  3 phantoms
  3 sky beasts
  2 black bears (D:7)
  7 ogres
  4 centaurs
  6 wolves
  8 big kobolds
  3 crocodiles
  A gnoll sergeant (D:3)
  13 bullfrogs
  3 scorpions
  20 killer bees
  4 wights (D:11)
  2 howler monkeys
  7 crimson imps
  3 jellies
  2 quasits
  4 hounds
  3 gnoll shamans (D:3)
  2 orc priests (D:8)
  Crazy Yiuf (D:7)
  12 orc wizards
  6 worker ants
  2 hound zombies
  4 worker ant zombies
  A howler monkey skeleton (D:7)
  36 gnolls
  10 adders
  A shadow imp (D:12)
  2 oozes
  3 adder skeletons
  A worm (D:4)
  8 leopard geckos
  34 orcs
  5 bats
  9 giant cockroaches
  11 goblins
  6 hobgoblins
  22 jackals
  4 quokkas
  A ball python (D:2)
  2 frilled lizards
  A jackal skeleton (D:6)
  18 kobolds
  A leopard gecko skeleton (D:4)
  A quokka skeleton (D:6)
  8 rats
359 creatures vanquished.

Vanquished Creatures (collateral kills)
  An ugly thing (D:11)
  A gargoyle (D:10)
  2 wraiths (D:12)
  2 wargs
  A water moccasin (Lair:1)
  A necrophage (D:7)
  A phantom (D:12)
  A bullfrog (D:10)
  A wyvern skeleton (D:10)
  4 wights (D:11)
  2 crimson imps (D:12)
  2 centaur zombies
  A jelly (D:10)
  A leopard gecko zombie (D:7)
21 creatures vanquished.

Vanquished Creatures (others)
  Erica (D:8)
  3 slime creatures (D:12)
  A spiny frog (Lair:1)
  A big kobold (Lair:1)
  A wight (D:11)
  A jelly (D:12)
  A centaur skeleton (D:7)
  A quokka (D:8)
  141 foxfires
  2 fungi
  6 plants
159 creatures vanquished.

Grand Total: 539 creatures vanquished

Notes
Turn   | Place    | Note
-------+----------+-------------------------------------------
     0 | D:1      | Lugonue the Felid Venom Mage began the quest for the Orb.
     0 | D:1      | Reached XP level 1. HP: 7/7 MP: 4/4
   338 | D:1      | Reached XP level 2. HP: 11/11 MP: 6/6
   350 | D:1      | Learned a level 2 spell: Poisonous Vapours
   853 | D:2      | Reached XP level 3. HP: 8/14 MP: 7/7
  1086 | D:2      | Learned a level 3 spell: Mephitic Cloud
  1314 | D:2      | Found a hide-covered altar of Uskayaw.
  1742 | D:3      | Found a stormy altar of Qazlal.
  1786 | D:3      | Reached XP level 4. HP: 11/18 MP: 8/8
  2053 | D:3      | Reached skill level 1 in Air Magic
  2119 | D:3      | Reached XP level 5. HP: 4/21 MP: 10/10
  2527 | D:3      | Slain by a gnoll
  2528 | D:3      | Reached XP level 4. HP: -1/18 MP: 24/27
  2634 | D:3      | Reached skill level 3 in Spellcasting
  2642 | D:3      | Killed a gnoll sergeant
  2642 | D:3      | Reached XP level 5. HP: 21/21 MP: 9/11
  3050 | D:3      | Reached skill level 1 in Fighting
  3256 | D:3      | Gained mutation: You are covered in thick fur. (AC +2)
                  | [Felid growth]
  3256 | D:3      | Reached XP level 6. HP: 21/25 MP: 12/12
  3277 | D:3      | Reached skill level 5 in Dodging
  3432 | D:3      | Reached skill level 4 in Spellcasting
  3641 | D:3      | Learned a level 4 spell: Olgreb's Toxic Radiance
  3982 | D:3      | Learned a level 3 spell: Ignite Poison
  4099 | D:4      | Reached XP level 7. HP: 28/28 MP: 14/14
  4167 | D:4      | Found a shattered altar of Ashenzari.
  4245 | D:4      | Reached skill level 1 in Unarmed Combat
  4862 | D:4      | Found a glowing golden altar of the Shining One.
  4888 | D:4      | Found an opulent altar of Gozag.
  4967 | D:4      | Reached skill level 5 in Spellcasting
  5038 | D:4      | Found a sparkling altar of Nemelex Xobeh.
  5166 | D:5      | Entered Level 5 of the Dungeon
  5168 | D:5      | Found a glowing silver altar of Zin.
  5180 | D:5      | Found an ancient bone altar of Kikubaaqudgha.
  5181 | D:5      | Found an ornate altar of the Wu Jian Council.
  5212 | D:5      | Learned a level 1 spell: Sting
  5421 | D:5      | Found a hazy altar of Hepliaklqana.
  5798 | D:6      | Reached XP level 8. HP: 32/32 MP: 17/17
  5926 | D:6      | Reached skill level 6 in Spellcasting
  6080 | D:6      | Reached skill level 5 in Poison Magic
  6200 | D:6      | Noticed a red ugly thing
  7037 | D:6      | Reached skill level 7 in Spellcasting
  7037 | D:6      | Reached XP level 9. HP: 25/35 MP: 20/20
  7076 | D:7      | Learned a level 3 spell: Inner Flame
  7244 | D:7      | Found a runed translucent door.
  7245 | D:7      | Noticed Crazy Yiuf
  7330 | D:7      | Learned a level 4 spell: Sticky Flame
  7636 | D:7      | Found a bloodstained altar of Trog.
  7693 | D:7      | Learned a level 3 spell: Summon Guardian Golem
  7822 | D:7      | Noticed Joseph
  8714 | D:7      | Shot with a sling bullet by Joseph
  8715 | D:7      | Reached XP level 8. HP: -1/32 MP: 20/20
  8856 | D:7      | Found a shimmering blue altar of Sif Muna.
  8917 | D:7      | Killed Joseph
  8917 | D:7      | Reached skill level 8 in Spellcasting
  8917 | D:7      | Reached skill level 1 in Hexes
  9190 | D:7      | Became a worshipper of Sif Muna the Loreminder
  9252 | D:7      | Found a staircase to the Ecumenical Temple.
  9395 | D:7      | Killed Crazy Yiuf
  9795 | D:8      | Found a runed translucent gate.
  9795 | D:8      | Found a runed translucent gate.
  9795 | D:8      | Found a runed translucent gate.
  9795 | D:8      | Noticed WLBjork's ghost (novice TrMo)
  9795 | D:8      | Identified the +1 short sword "Bexetiusm" {drain, rPois rC-
                  | Str+5}
  9825 | D:8      | Reached XP level 9. HP: 27/35 MP: 22/22
  9967 | D:8      | Noticed Erica
  9984 | D:8      | Killed Erica
  9984 | D:8      | Reached skill level 9 in Spellcasting
  9984 | D:8      | Reached skill level 1 in Summonings
  9984 | D:8      | Reached skill level 1 in Fire Magic
 10003 | D:8      | Reached * piety under Sif Muna
 10281 | D:8      | Noticed a queen bee
 10285 | D:8      | Killed a queen bee
 10627 | D:8      | Found a staircase to the Lair.
 10712 | D:8      | Noticed Prince Ribbit
 10721 | D:8      | Killed Prince Ribbit
 10721 | D:8      | Reached XP level 10. HP: 39/39 MP: 24/24
 10737 | D:8      | Noticed a two-headed ogre
 10743 | D:8      | Killed a two-headed ogre
 10909 | D:8      | Reached skill level 10 in Spellcasting
 11017 | D:8      | Noticed a centaur warrior
 11041 | D:8      | HP: 1/39 [centaur warrior/arrow (17)]
 11042 | D:8      | Killed a centaur warrior
 11276 | D:8      | Found a blossoming altar of Fedhas.
 11349 | D:8      | Noticed an unseen horror
 11349 | D:8      | Noticed a manticore
 11679 | Lair:1   | Entered Level 1 of the Lair of Beasts
 11789 | Lair:1   | Reached ** piety under Sif Muna
 11889 | Lair:1   | Learned a level 4 spell: Cause Fear
 11892 | Lair:1   | Noticed a spiny frog
 12015 | Lair:1   | Found a dark tunnel.
 12310 | Lair:1   | Killed a spiny frog
 12403 | Lair:1   | Reached XP level 11. HP: 43/43 MP: 26/26
 12633 | Lair:2   | Learned a level 1 spell: Foxfire
 12706 | Lair:1   | Gained mutation: You have a pair of small horns on your
                  | head. [potion of mutation]
 12814 | D:9      | Reached skill level 11 in Spellcasting
 12823 | D:9      | Found a glowing golden altar of the Shining One.
 13230 | D:10     | Entered Level 10 of the Dungeon
 13249 | D:9      | Learned a level 3 spell: Call Canine Familiar
 13751 | D:9      | Noticed a two-headed ogre
 13775 | D:9      | Killed a two-headed ogre
 13902 | D:10     | Reached skill level 10 in Dodging
 13906 | D:10     | Reached *** piety under Sif Muna
 14036 | D:10     | Upgraded the game from 0.25-a0-544-gee0576305d to
                  | 0.25-a0-547-g27a0b5d1ef
 14211 | D:10     | Found Mojurchis's General Store.
 14598 | D:10     | Reached skill level 1 in Conjurations
 14717 | D:10     | Found a portal to a secret trove of treasure.
 15517 | D:11     | Noticed Psyche
 15521 | D:11     | Killed Psyche
 15630 | D:11     | Noticed Urug
 16109 | D:11     | Killed Urug
 16216 | D:11     | Reached skill level 12 in Spellcasting
 16812 | D:11     | Learned a level 3 spell: Tukima's Dance
 17112 | D:11     | Reached skill level 5 in Stealth
 17157 | D:11     | Noticed a green ugly thing
 17210 | D:11     | Killed a green ugly thing
 17210 | D:11     | Gained mutation: Your thick and shaggy fur keeps you warm.
                  | (AC +3, rC+) [Felid growth]
 17210 | D:11     | Reached XP level 12. HP: 46/46 MP: 29/29
 17501 | D:11     | Found a staircase to the Orcish Mines.
 17587 | Orc:1    | Entered Level 1 of the Orcish Mines
 17592 | Orc:1    | Reached **** piety under Sif Muna
 17689 | D:12     | Noticed Jorgrun
 17701 | D:12     | HP: 2/46 [Jorgrun/uncursed staff of earth (1)]
 17702 | D:12     | Slain by Jorgrun
 17703 | D:12     | Reached XP level 11. HP: -2/43 MP: 45/46
 17977 | D:12     | Identified the +8 mace of Fortitude {freeze, +Rage Str+2}
 18005 | D:12     | Noticed an unseen horror
 18063 | D:12     | Noticed a red ugly thing
 18238 | D:12     | Killed a red ugly thing
 18895 | D:12     | Killed from afar by Jorgrun

Levels and vault maps discovered:
D:1:      dpeg_arrival_pits, layout_basic, minmay_misc_feat_pillars
D:2:      minmay_skewed_foursquare, layout_basic,
          nicolae_overflow_crystal_walls, first_ration
D:3:      lemuel_castle_with_subvaults [lemuel_castle_interior_carwin_3],
          layout_loops_ring, gup_sewer_entry_pipe, grunt_qazlal_clouds
D:4:      layout_basic, nemelex_altar_shiori, lemuel_round_altar,
          lemuel_doored_altar, kennysheep_mini
D:5:      layout_loops_cross, grunt_temple_overflow_open, kennysheep_little_box,
          basic_altar
D:6:      layout_cave_pools, doesnt_xom_only_xom, minitemple,
          kennysheep_cross_room, grunt_potential
D:7:      layout_rooms, trog_ov_bears_minmay, led_sif_pool,
          minmay_temple_entry_enclosed_plants, serial_co_window_serial,
          co_window_paths_a, co_window_corner_a, co_window_paths_a,
          co_window_corner_a, co_window_paths_b, co_window_corner_a,
          co_window_corner_a, co_window_paths_a, co_window_paths_a,
          co_window_unsneaky_path_a, co_window_of_opportunity_c,
          co_window_corner_b, co_window_2corner, co_window_of_opportunity_b,
          co_window_paths_e, glass_columns_b, glass_columns_b, glass_columns_a,
          glass_columns_c, uniq_crazy_yiuf_cottage, uniq_joseph
D:8:      minmay_the_grid_triangle_9x9_rhombus_thin
          [minmay_the_grid_triangle_9x9_shrine,
          minmay_the_grid_triangle_9x9_prize_top_heavy,
          minmay_the_grid_triangle_9x9_thin_v,
          minmay_the_grid_triangle_9x9_warning], layout_gridville,
          erik_lair_orcish_takeover, gammafunk_ghost_nasty_kobolds,
          enter_bailey_3, david_nohive_1, grunt_decor_cap, chequers_mini_garden,
          uniq_erica, uniq_prince_ribbit1
D:9:      layout_basic, basic_altar
D:10:     layout_long_grid, nicolae_trove_entry_columns, serial_shops,
          shop_fountains
D:11:     layout_cave_pods, orc_0_dummy, uniq_urug, uniq_psyche
D:12:     minmay_spiral_squares, layout_basic, uniq_sonja, uniq_jorgrun,
          uniq_nergalle
Lair:1:   layout_chaotic_city, lightli_volcano_entry_magma_tube, serial_rivers,
          chequers_serial_rivers_small_a, chequers_serial_rivers_large_b,
          chequers_serial_rivers_large_a, chequers_serial_rivers_micro_d,
          grunt_megastairs_4
Lair:2:   layout_big_grid, nicolae_spider_entry_orb_guardian, grunt_megastairs_1
Orc:1:    layout_caves

Skill      XL: |  1  2  3  4  5  6  7  8  9 10 11 |
---------------+----------------------------------+-----
Dodging        | 3 4 5 6 7 8 9 10 | 10.8
Poison Magic   | 3 4 5 6 7 |  7.8
Stealth        | 3 4 5 |  5.0
Air Magic      | 1 2 3 4 |  4.9
Spellcasting   | 3 4 5 8 9 10 12 | 12.4
Fighting       | 1 2 |  2.6
Unarmed Combat | 1 2 3 |  3.4
Transmutations | 3 4 |  4.3
Hexes          | 1 2 3 |  3.7
Summonings     | 1 2 3 |  3.1
Fire Magic     | 1 3 |  3.3
Conjurations   | 1 |  1.5
Evocations     | |  0.2

Action                   |  1- 3 |  4- 6 |  7- 9 | 10-12 || total
-------------------------+-------+-------+-------+-------++-------
Melee: Unarmed           |    58 |    52 |   174 |   217 ||   501
       Bite              |     5 |     2 |     9 |    18 ||    34
       Headbutt          |       |       |       |    32 ||    32
       Punch             |       |       |       |     1 ||     1
 Cast: Sting             |     6 |     3 |    84 |    14 ||   107
       Poisonous Vapours |    33 |   128 |   110 |   158 ||   429
       Mephitic Cloud    |       |     3 |     3 |     9 ||    15
       Olgreb's Toxic Ra |       |     2 |     8 |    28 ||    38
       Ignite Poison     |       |       |    35 |    62 ||    97
       Summon Guardian G |       |       |    21 |    60 ||    81
       Sticky Flame      |       |       |     9 |     4 ||    13
       Inner Flame       |       |       |     2 |     4 ||     6
       Foxfire           |       |       |       |    93 ||    93
       Call Canine Famil |       |       |       |    25 ||    25
       Cause Fear        |       |       |       |     2 ||     2
       Tukima's Dance    |       |       |       |     1 ||     1
Invok: Channel Magic     |       |       |     1 |     2 ||     3
Evoke: Wand              |       |       |    10 |       ||    10
       Lamp of fire      |       |       |       |     1 ||     1
  Use: Scroll            |     3 |     7 |     7 |    11 ||    28
       Potion            |       |     1 |     2 |     8 ||    11
 Stab: Sleeping          |     7 |       |     3 |     2 ||    12
       Distracted        |       |       |     1 |     5 ||     6
  Eat: Chunk             |     2 |     7 |    12 |    23 ||    44
       Ration            |       |       |     2 |       ||     2
Armor: Skin              |     2 |     5 |    15 |    13 ||    35
Dodge: Dodged            |    41 |    58 |   222 |   339 ||   660

Table legend:
 A = Non-vault XP
 B = Vault XP
 C = Vault XP percentage of total XP
 D = Non-vault monster count
 E = Vault monster count
 F = Vault count percentage of total count
                 A         B        C        D         E       F
            +---------+---------+-------+---------+---------+-------
      Total |   18101 |   10283 |  36.2 |     256 |     134 |  34.4
            +---------+---------+-------+---------+---------+-------
        D:1 |      22 |       0 |   0.0 |      13 |       0 |   0.0
        D:2 |      40 |       8 |  16.7 |      16 |       6 |  27.3
        D:3 |      62 |     716 |  92.0 |      15 |      58 |  79.5
        D:4 |     434 |       0 |   0.0 |      15 |       0 |   0.0
        D:5 |     219 |       0 |   0.0 |       5 |       0 |   0.0
        D:6 |    1165 |     284 |  19.6 |      20 |       7 |  25.9
        D:7 |     786 |     828 |  51.3 |      25 |       5 |  16.7
        D:8 |    1557 |    5129 |  76.7 |      18 |      41 |  69.5
        D:9 |    2805 |       0 |   0.0 |      20 |       0 |   0.0
       D:10 |    2830 |       0 |   0.0 |      38 |       0 |   0.0
       D:11 |    3749 |    1289 |  25.6 |      37 |       2 |   5.1
       D:12 |    1619 |    1728 |  51.6 |      10 |      12 |  54.5
     Lair:1 |    1634 |     301 |  15.6 |      10 |       3 |  23.1
     Lair:2 |     979 |       0 |   0.0 |       7 |       0 |   0.0
      Orc:1 |     200 |       0 |   0.0 |       7 |       0 |   0.0
            +---------+---------+-------+---------+---------+-------
